 Dungeon Crawl Stone Soup version 0.28-a0-631-g0446da8ef9 (webtiles) character file.

Game seed: 7719183631903393753

19 siradein the Gusty (level 2, -4/20 HPs)
             Began as a Draconian Air Elementalist on Oct 10, 2021.
             Slain by Sigmund (5 damage)
             ... on level 2 of the Dungeon.
             The game lasted 00:00:56 (964 turns).

siradein the Gusty (Draconian Air Elementalist)      Turns: 964, Time: 00:00:57

Health: -4/20      AC:  4    Str: 10    XL:     2   Next: 55%
Magic:  5/5        EV: 12    Int: 15    God:
Gold:   39         SH:  0    Dex: 11    Spells: 2/5 levels left

rFire   . . .      SeeInvis .   (no weapon)
rCold   . . .      Faith    .   (no shield)
rNeg    . . .      Spirit   .   (armour unavailable)
rPois   .          Reflect  .   (helmet restricted)
rElec   .          Harm     .   (no cloak)
rCorr   .          Rampage  .   (no gloves)
Will    .....                   (no boots)
Stlth   +.........              (no amulet)
HPRegen 0.06/turn               (no ring)
MPRegen 0.09/turn               (no ring)

@: confused
A: AC +4, unfitting armour, cold-blooded
a: no special abilities


You were on level 2 of the Dungeon.
You visited 1 branch of the dungeon, and saw 2 of its levels.

You collected 39 gold pieces.

Inventory:

Scrolls
 a - 2 scrolls of identify {unknown}
 d - a scroll of teleportation {unknown}
 e - a scroll of immolation {unknown}
Potions
 b - a potion of brilliance {unknown}
 c - a potion of ambrosia {unknown}


   Skills:
 - Level 1.7 Dodging
 - Level 1.7 Stealth
 + Level 2.3 Spellcasting
 + Level 1.6 Conjurations
 + Level 3.3 Air Magic


You had 2 spell levels left.
You knew the following spells:

 Your Spells              Type           Power      Damage    Failure   Level
a - Shock                 Conj/Air       36%        1d5       8%          1
b - Static Discharge      Conj/Air       9%         N/A       12%         2

Your spell library contained the following spells:

 Spells                   Type           Power      Damage    Failure   Level
 Swiftness                Air            11%        N/A       16%         3
 Airstrike                Air            5%         N/A       47%         4


Dungeon Overview and Level Annotations

Branches:
Dungeon (2/15)

Altars:

Annotations:
D:2 Sigmund


Innate Abilities, Weirdness & Mutations

Your plain brown scales are hard. (AC +4)
You cannot fit into any form of body armour.
You are cold-blooded and may be slowed by cold attacks.


Message History

The zap hits the adder.
The adder is lightly wounded.
The adder hisses angrily.
The zap misses the adder.
The zap hits the adder.
The adder is moderately wounded.
The zap hits the adder.
The adder is almost dead.
The zap hits the adder.
You kill the adder!
You now have 39 gold pieces (gained 16).
You see here an adder corpse.
Sigmund the Dreaded comes into view.
He is wielding a +0 scythe.
Sigmund is nearby!
Sigmund is nearby!
Sigmund is nearby!
The zap hits Sigmund.
Sigmund is lightly wounded.
Sigmund shouts!
Sigmund gestures wildly while chanting.
Sigmund flickers and vanishes!
Deactivating autopickup; reactivate with Ctrl-A.
Found an escape hatch in the ceiling.
You see here a quokka corpse.
A magic dart appears from out of thin air!
The magic dart hits you!
You are confused.
You bump into the rock wall.
You bump into the rock wall.
You hear some strange, mumbled words.
You are more confused.
You bump into the rock wall.
You're too confused to cast spells.
You're too confused to cast spells.
Sorry, you're not good enough to have a special ability.
Something hits you!
Ouch! That really hurt!
* * * LOW HITPOINT WARNING * * *
You bump into the rock wall.
Something hits you.
You die...

### ### ## #<# #.###.#
#.# #..@..# #.#
#.###.# #.# #.# .#
#[############.###.#
#..................#
##############.#######
................
#############.#######
#.....†.....†.#...<


There were no monsters in sight!

Vanquished Creatures
  An adder (D:2)
  An endoplasm (D:1)
  A hobgoblin (D:1)
  2 quokkas
  2 bats (D:1)
  2 goblins (D:1)
  2 kobolds (D:1)
11 creatures vanquished.

Notes
Turn   | Place    | Note
-------+----------+-------------------------------------------
     0 | D:1      | siradein the Draconian Air Elementalist began the quest for
                  | the Orb.
     0 | D:1      | Reached XP level 1. HP: 14/14 MP: 3/3
   711 | D:1      | Reached XP level 2. HP: 20/20 MP: 0/5
   714 | D:1      | Learned a level 2 spell: Static Discharge
   946 | D:2      | Noticed Sigmund
   963 | D:2      | HP: 1/20 [something (10)]
   964 | D:2      | Slain by Sigmund

Illustrated notes

Levels and vault maps discovered:
D:1:      grunt_arrival_crossed_arrows, layout_loops_ring
D:2:      layout_basic, minmay_bisected, uniq_sigmund

Action                   || total
-------------------------++-------
 Cast: Shock             ||    24
Dodge: Dodged            ||     1

Table legend: (Time is in decaauts)
 A = Elapsed time spent in this place.
 B = Non-inter-level travel time spent in this place.
 C = Inter-level travel time spent in this place.
 D = Time resting spent in this place.
 E = Time spent auto-exploring this place.
 F = Levels seen in this place.
 G = Mean time per level.
                   A        B        C        D        E       F      G
               +--------+--------+--------+--------+--------+-----+--------+
         Total |    963 |    930 |     33 |      0 |    857 |   2 |  481.5 |
       Dungeon |    963 |    930 |     33 |      0 |    857 |   2 |  481.5 |
               +--------+--------+--------+--------+--------+-----+--------+

Top non-repeatable levels by time:
     D:1: 801 daAuts
     D:2: 162 daAuts
